 Dungeon Crawl Stone Soup version 0.26-a0-264-g3a471323bd (webtiles) character file.

Game seed: 8704352510679031223

97 BritishOli the Skirmisher (level 4, -3/36 HPs)
             Began as a Demonspawn Fighter on July 11, 2020.
             Slain by Crazy Yiuf
             ... wielding a +2 quarterstaff of chaos
              (13 damage)
             ... on level 2 of the Dungeon.
             The game lasted 00:01:08 (1745 turns).

BritishOli the Skirmisher (Demonspawn Fighter)      Turns: 1745, Time: 00:01:09

Health: -3/36      AC:  0    Str: 17    XL:     4   Next: 42%
Magic:  0/4        EV: 13    Int: 10    God:
Gold:   113        SH:  0    Dex: 12    Spells: 3/3 levels left

rFire    . . .     SeeInvis .   (weapon currently unavailable)
rCold    . . .     Faith    .   (shield currently unavailable)
rNeg     . . .     Spirit   +   (armour currently unavailable)
rPois    .         Reflect  .   (helmet currently unavailable)
rElec    .         Harm     .   (cloak currently unavailable)
rCorr    .                      (gloves currently unavailable)
MR       .....                  (boots currently unavailable)
Stlth    +.........             (no amulet)
HPRegen  0.12/turn              (ring currently unavailable)
MPRegen  0.09/turn              (ring currently unavailable)

@: lethally poisoned (-3 -> -8), pig-form (expiring), very quick
A: small, magic shield, rot immunity
a: no special abilities


You were on level 2 of the Dungeon.
You were not hungry.
You were a filthy swine.
You visited 1 branch of the dungeon, and saw 2 of its levels.

You collected 113 gold pieces.

Inventory:

Hand Weapons
 a - a +0 long sword (melded)
Armour
 c - a +0 kite shield (melded)
 o - a +2 scale mail of positive energy (melded)
Jewellery
 g - a +6 ring of intelligence (melded)
 l - a +4 ring of protection (melded)
Scrolls
 b - a scroll of teleportation {unknown}
 e - a scroll of fog {unknown}
 k - a scroll of blinking {unknown}
 p - 3 scrolls of enchant weapon {unknown}
Potions
 d - a potion of might
 h - 2 potions of resistance {unknown}
 i - 2 potions of magic {unknown}
 j - a potion of mutation {unknown}
 m - 2 potions of stabbing {unknown}
 n - a potion of brilliance {unknown}
Comestibles
 f - 7 rations


   Skills:
 + Level 3.6 Fighting
 + Level 2.6 Long Blades
 + Level 3.3 Armour
 + Level 3.2 Shields


You had 3 spell levels left.
You didn't know any spells.
Your spell library was empty.

Dungeon Overview and Level Annotations

Branches:
Dungeon (2/15)

Altars:
Elyvilon
Hepliaklqana
Uskayaw

Annotations:
D:2 Crazy Yiuf


Innate Abilities, Weirdness & Mutations

((You have large cloven feet.))
When hurt, damage is shared between your health and your magic reserves.
You are immune to rotting.


Message History

Unknown command.
You hit Crazy Yiuf.
Crazy Yiuf is heavily wounded.
You feel sick. Crazy Yiuf barely misses you.
Unknown command.
You hit Crazy Yiuf but do no damage.
Crazy Yiuf is heavily wounded.
Unknown command.
You closely miss Crazy Yiuf.
Crazy Yiuf is heavily wounded.
Your transformation is almost over.
You feel sick.
Crazy Yiuf yells, "Fluff rumpyflump agre!"
Crazy Yiuf hits you with a +2 quarterstaff of chaos!
Crazy Yiuf freezes you.
* * * LOW HITPOINT WARNING * * *
You hit Crazy Yiuf but do no damage.
Crazy Yiuf is heavily wounded.
Crazy Yiuf hits you with a +2 quarterstaff of chaos!
You die...

#.#
##>##...#....#..
#.# #.##.#.#.####..
#.# #.##.#.#.# #..
### ########.# #..
##.####.. #........
### #####.......
#)))###
##.......####
#..)gh####......#.#
#)..##).#.......#.#
###
###.#....#.#.####
########.......
####.#### #....#
######


You could see Crazy Yiuf.

Vanquished Creatures
  Terence (D:2)
  A gnoll (D:1)
  2 oozes (D:1)
  3 dart slugs
  A ball python (D:1)
  8 bats
  5 giant cockroaches
  9 goblins
  5 hobgoblins
  A quokka (D:2)
  A frilled lizard (D:1)
  3 kobolds (D:1)
  4 rats
44 creatures vanquished.

Notes
Turn   | Place    | Note
-------+----------+-------------------------------------------
     0 | D:1      | BritishOli the Demonspawn Fighter began the quest for the
                  | Orb.
     0 | D:1      | Reached XP level 1. HP: 18/18 MP: 1/1
   151 | D:1      | Gained mutation: You have large cloven feet. [demonic
                  | ancestry]
   151 | D:1      | Reached XP level 2. HP: 24/24 MP: 2/2
   303 | D:1      | Gained mutation: You are immune to rotting. [demonic
                  | ancestry]
   303 | D:1      | Reached XP level 3. HP: 22/29 MP: 3/3
   856 | D:2      | Found a runed translucent door.
   857 | D:2      | Noticed Crazy Yiuf
  1014 | D:2      | Noticed Terence
  1031 | D:2      | Killed Terence
  1031 | D:2      | Gained mutation: When hurt, damage is shared between your
                  | health and your magic reserves. [demonic ancestry]
  1031 | D:2      | Reached XP level 4. HP: 29/36 MP: 4/4
  1137 | D:2      | Found a hazy altar of Hepliaklqana.
  1137 | D:2      | Found a hide-covered altar of Uskayaw.
  1400 | D:2      | Found a white marble altar of Elyvilon.
  1745 | D:2      | Slain by Crazy Yiuf

Illustrated notes

Levels and vault maps discovered:
D:1:      ebering_trefoil_twist, layout_loops_ring
D:2:      layout_basic, chequers_temple_overflow_statue_of_worship,
          elyvilon_altar_1, uniq_crazy_yiuf_cottage, uniq_terence

Skill      XL: |  1  2 |
---------------+-------+-----
Long Blades    | 2 |  2.6
Armour         | 3 |  3.3
Shields        | 3 |  3.2
Fighting       | |  3.6

Action                   |  1- 3 |  4- 6 || total
-------------------------+-------+-------++-------
Melee: Long sword        |    84 |    24 ||   108
       Kick              |    27 |     7 ||    34
       Unarmed           |       |     7 ||     7
  Eat: Ration            |       |     1 ||     1
Armor: Scale mail        |    49 |    18 ||    67
Dodge: Dodged            |    37 |    15 ||    52
Block: Kite shield       |    35 |    15 ||    50
       Rpst.: Long sword |    14 |     4 ||    18

Table legend:
 A = Non-vault XP
 B = Vault XP
 C = Vault XP percentage of total XP
 D = Non-vault monster count
 E = Vault monster count
 F = Vault count percentage of total count
                 A         B        C        D         E       F
            +---------+---------+-------+---------+---------+-------
      Total |     101 |      38 |  27.3 |      43 |       1 |   2.3
            +---------+---------+-------+---------+---------+-------
        D:1 |      71 |       0 |   0.0 |      27 |       0 |   0.0
        D:2 |      30 |      38 |  55.9 |      16 |       1 |   5.9
            +---------+---------+-------+---------+---------+-------
